 Dungeon Crawl Stone Soup version 0.20.1-1-g8b1a95d (webtiles) character file.

51 Irenicus the Insei (level 3, -7/26 HPs)
             Began as an Octopode Chaos Knight on Oct 13, 2017.
             Killed by the capriciousness of Xom (21 damage)
             ... on level 2 of the Dungeon.
             The game lasted 00:02:05 (1014 turns).

Irenicus the Insei (Octopode Chaos Knight)          Turns: 1014, Time: 00:02:06

Health: -7/26      AC:  1    Str: 11    XL:     3   Next: 83%
Magic:  3/3        EV: 13    Int: 14    God:    Xom [..*...]
Gold:   125        SH:  0    Dex: 12    Spells: 2/2 levels left

rFire    . . .     SeeInvis .     - Unarmed
rCold    . . .     Gourm    .   (no shield)
rNeg     . . .     Faith    .   (helmet restricted)
rPois    .         Spirit   .   (no amulet)
rElec    .         Reflect  .   (no ring)
rCorr    .         Harm     .   (no ring)
MR       .....                  (no ring)
Stlth    ++........             (no ring)
Regen    0.1/turn               (no ring)
MPRegen  0.1/turn               (no ring)
                                (no ring)
                                (no ring)

@: drained
A: almost no armour, stealthy swim, amphibious, 8 rings, constrict 8, camouflage
1, gelatinous body 1
a: Renounce Religion


You were on level 2 of the Dungeon.
You worshipped Xom.
You were a BORING thing.
You were not hungry.

You visited 1 branch of the dungeon, and saw 2 of its levels.

You collected 125 gold pieces.

Inventory:

Hand Weapons
 h - a +2 dagger of draining
Jewellery
 c - an uncursed amulet of harm
Scrolls
 b - 2 scrolls of remove curse {unknown}
 e - a scroll of blinking {unknown}
 g - 3 scrolls of identify {unknown}
 l - a scroll of fear {unknown}
Potions
 d - a potion of curing {unknown}
 f - a potion of brilliance {unknown}
 i - a potion of mutation {unknown}
 j - 2 potions of might {unknown}
 k - a potion of flight {unknown}
Comestibles
 a - 2 bread rations


   Skills:
 - Level 3.0(1.9) Fighting
 - Level 2.3(1.2) Dodging
 + Level 4.6(3.4) Unarmed Combat


You had 2 spell levels left.
You didn't know any spells.

Dungeon Overview and Level Annotations

Branches:
Dungeon (2/15)

Altars:


Innate Abilities, Weirdness & Mutations

You cannot wear most types of armour.
You are very stealthy in the water. (Stealth+)
You are amphibious.
You can wear up to eight rings at the same time.
You can use your tentacles to constrict eight enemies at once.
Your skin changes colour to match your surroundings (Stealth+).
Your rubbery body absorbs attacks. (AC +1, EV +1)


Message History

The goblin hits you with a dagger. The dart slug misses you.
You barely miss the goblin. You grab the goblin. You squeeze the goblin.
The goblin is heavily wounded.
You constrict the dart slug.
You constrict the goblin, but do no damage.
The goblin hits you with a dagger.
You tentacle-slap the dart slug.
You kill the dart slug!
You constrict the goblin. The goblin hits you with a dagger.
You barely miss the goblin.
The goblin is almost dead.
You constrict the goblin.
You kill the goblin!
k - a brown potion;
l - a scroll labeled ELEOW VOGU You see here a stone.
Xom's attention turns to you for a moment.
You are caught in a fiery explosion!
The explosion engulfs you!
Ouch! That really hurt!
You die...
Xom snickers!

#.# #.##.......#####
#.# #.##.#######
#.## #.##.# ### #..#
#)# #.. ##.# #.# #.#
#.# #.# #.# #.##
#.###.##### #..#
#>#.......# ##.##
#.#..@....# ###..#
#.#.......# #....##
#.#.......# #.....#
#.#..†....# ##...#.#
#(...)....#
.....#...
#...###'###
...#.##....#.......#
...#.# ....#...#####
...#.# #...#...#


There were no monsters in sight!

Vanquished Creatures
  An adder (D:2)
  4 dart slugs
  2 leopard geckos
  A giant cockroach (D:2)
  4 goblins
  4 hobgoblins
  3 bats (D:1)
  4 frilled lizards
  5 kobolds
  6 rats
34 creatures vanquished.

Notes
Turn   | Place    | Note
-------+----------+-------------------------------------------
     0 | D:1      | Irenicus the Octopode Chaos Knight began the quest for the Orb.
     0 | D:1      | Reached XP level 1. HP: 16/16 MP: 1/1
   205 | D:1      | Reached XP level 2. HP: 21/21 MP: 2/2
   213 | D:1      | XOM: harmless Air miscast
   408 | D:1      | Reached skill level 4 in Unarmed Combat
   505 | D:1      | Reached XP level 3. HP: 15/26 MP: 3/3
   747 | D:2      | XOM is BORED!
   747 | D:2      | XOM: noise
  1014 | D:2      | XOM is BORED!
  1014 | D:2      | XOM: medium Fire miscast
  1014 | D:2      | Killed by the capriciousness of Xom

Skill      XL: |  1  2 |
---------------+-------+-----
Unarmed Combat | 4 |  4.6
Fighting       | |  3.0
Dodging        | |  2.3

Action                   || total
-------------------------++-------
Melee: Unarmed           ||    72
       Constrict         ||    19
       Tentacles         ||    11
       Punch             ||     1
 Stab: Sleeping          ||     4
Armor: Skin              ||     2
Dodge: Dodged            ||    35
